 Dungeon Crawl Stone Soup version 0.31-a0-232-gb1c03b2570 (webtiles) character file.

Game seed: 3940078600142398256

44 qw the Shooter (level 3, -3/29 HPs)
             Began as a Minotaur Hexslinger on July 6, 2023.
             Slain by Grinder (9 damage)
             ... on level 3 of the Dungeon.
             The game lasted 00:00:26 (1278 turns).

qw the Shooter (Minotaur Hexslinger)                Turns: 1278, Time: 00:00:26

Health: -3/29      AC:  5    Str: 12    XL:     3   Next: 39%
Magic:  3/3        EV: 11    Int: 10    God:
Gold:   95         SH:  0    Dex: 20    Spells: 3/4 levels left

rFire   . . .        Y - +1 sling
rCold   . . .        (no shield)
rNeg    . . .        b - +0 ring mail
rPois   .            (helmet restricted)
rElec   .            (no cloak)
rCorr   .            (no gloves)
SInv    .            (no boots)
Will    .....        (no amulet)
Stlth   +            e - +6 ring of dexterity
HPRegen 0.24/turn    (no ring)
MPRegen 0.08/turn

%: no passive effects
@: about to teleport
A: horns 2, retaliatory headbutt
a: no special abilities


You were on level 3 of the Dungeon.
You visited 1 branch of the dungeon, and saw 3 of its levels.

You collected 95 gold pieces.


Innate Abilities, Weirdness & Mutations

You have a pair of horns on your head.
You reflexively headbutt those who attack you in melee.


   Skills:
 - Level 2.0 Fighting
 + Level 3.9 Ranged Weapons
 - Level 2.1 Dodging
 - Level 1.0 Spellcasting
 - Level 2.0 Hexes


You had 3 spell levels left.
You knew the following spells:

 Your Spells              Type           Power      Damage    Failure   Level
a - Slow                  Hex            16%        N/A       34%         1

Your spell library contained the following spells:

 Spells                   Type           Power      Damage    Failure   Level
 Inner Flame              Hex/Fire       2%         N/A       83%         3
 Portal Projectile        Hex/Tloc       4%         N/A       83%         3
 Cause Fear               Hex            2%         N/A       98%         4

Inventory:

Hand Weapons
 Y - a +1 sling (weapon)
Armour
 b - a +0 ring mail (worn)
Jewellery
 e - a +6 ring of dexterity (left hand)
Potions
 d - a potion of curing
 f - a potion of berserk rage {unknown}
 g - a potion of lignification {unknown}
 h - a potion of invisibility {unknown}

Dungeon Overview and Level Annotations

Branches:
Dungeon (3/15)

Altars:
Zin

Annotations:
D:3 Grinder


Message History

Enter note:
Enter note:
Enter note:
Enter note: You shoot a sling bullet.
The sling bullet closely misses the hobgoblin.
The hobgoblin closely misses you.
You shoot a sling bullet. The sling bullet hits the hobgoblin.
The hobgoblin is almost dead.
The hobgoblin closely misses you.
You shoot a sling bullet.
The sling bullet barely misses the hobgoblin.
The hobgoblin hits you but does no damage.
The hobgoblin hits you.
You shoot a sling bullet. The sling bullet hits the hobgoblin!
You kill the hobgoblin!
You start resting.
HP restored.
Done exploring.
(D) Dungeon
Where to? (* - list waypoints, Enter - D:3, ? - help)
What level of the Dungeon? (default 1, ? - help)
You climb downwards.
There is a stone staircase leading up here.
Grinder comes into view.
Grinder shouts!
You shoot a sling bullet.
The sling bullet hits Grinder but does no damage.
Grinder drinks a potion.
Grinder seems to grow stronger.
You shoot a sling bullet. The sling bullet barely misses Grinder.
Grinder gestures at you. Pain shoots through your body!
You shoot a sling bullet.
The sling bullet closely misses Grinder.
Grinder hits you!
You writhe in agony.
1278 ||| READING scroll of teleportation.
As you read the scroll of teleportation, it crumbles to dust.
You feel strangely unstable. Grinder hits you!
You die...

#.# #.# #.#
#.#
#######.#####
............#
.######.##.##
###.....#.#
#..@....#.#
#.#5###.#.# #
#.# .#.# #..
.#.# ### ##.#
..#


You could see Grinder (strong).

Vanquished Creatures
  An adder (D:2)
  2 ball pythons (D:1)
  2 bats
  2 endoplasms (D:2)
  3 giant cockroaches
  7 goblins
  2 hobgoblins
  A jackal (D:1)
  8 kobolds
  A quokka (D:2)
  A rat (D:1)
30 creatures vanquished.

Notes
Turn   | Place    | Note
-------+----------+-------------------------------------------
     0 | D:1      | qw the Minotaur Hexslinger began the quest for the Orb.
     0 | D:1      | Reached XP level 1. HP: 16/16 MP: 1/1
     0 | D:1      | 0 ||| qw: Version: 0.3-a-46-gb1f654a
     0 | D:1      | 0 ||| qw: Game counter: 1949
     0 | D:1      | 0 ||| qw: Melee chars always use a shield: true
     0 | D:1      | 0 ||| qw: God list: Okawaru
     0 | D:1      | 0 ||| qw: Allow faded altars: false
     0 | D:1      | 0 ||| qw: Do Orc after clearing Dungeon:15 true
     0 | D:1      | 0 ||| qw: Do second Lair branch before Depths: true
     0 | D:1      | 0 ||| qw: Lair rune preference: random
     0 | D:1      | 0 ||| qw: Goals: Normal
     0 | D:1      | 0 ||| PLANNING D:1-11
   122 | D:1      | HP: 3/16 [goblin/+0 club (2)]
   123 | D:1      | HP: 1/16 [goblin/+0 club (3)]
   226 | D:1      | HP: 2/16 [hobgoblin (3)]
   228 | D:1      | Reached skill level 3 in Ranged Weapons
   390 | D:1      | Reached XP level 2. HP: 23/23 MP: 2/2
   705 | D:1      | 705 ||| UPGRADING to +6 ring of dexterity.
   706 | D:1      | 706 ||| READING scroll labelled CYSED EVAEKITOWNY.
   710 | D:1      | 710 ||| READING scroll labelled TUQOSM NAAG.
   711 | D:1      | 711 ||| DRINKING 2 sapphire potions.
   712 | D:1      | 712 ||| DROPPING scroll of poison.
   900 | D:2      | Found a glowing silver altar of Zin.
   977 | D:2      | Reached XP level 3. HP: 29/29 MP: 3/3
  1164 | D:2      | 1164 ||| UPGRADING to +0 ring mail.
  1174 | D:2      | 1174 ||| DROPPING +0 robe.
  1175 | D:2      | 1175 ||| READING scroll labelled NAEZUM JAEPNUA.
  1206 | D:3      | 1206 ||| STAIRDANCE
  1274 | D:3      | Noticed Grinder
  1277 | D:3      | HP: 6/29 [Grinder (2)]
  1278 | D:3      | 1278 ||| READING scroll of teleportation.
  1278 | D:3      | Slain by Grinder

Levels and vault maps discovered:
D:1:      dpeg_arrival_triangle_fractal, layout_basic, minmay_tetromino_i2
D:2:      layout_basic, basic_altar
D:3:      layout_basic, fiery_altar_vehumet, minmay_bisected, uniq_ijyb,
          uniq_grinder, uniq_sigmund, uniq_natasha, uniq_terence

Skill      XL: |  1  2 |
---------------+-------+-----
Ranged Weapons | 3 |  3.9
Fighting       | 2 |  2.0
Dodging        | |  2.1
Spellcasting   | |  1.0
Hexes          | |  2.0

Action                     || total
---------------------------++-------
   Fire: Sling             ||    84
    Use: Scroll            ||     4
         Potion            ||     1
 Armour: Robe              ||     7
         Ring mail         ||     2
  Dodge: Dodged            ||    22

Table legend:
 A = Non-vault XP
 B = Vault XP
 C = Vault XP percentage of total XP
 D = Non-vault monster count
 E = Vault monster count
 F = Vault count percentage of total count
                 A         B        C        D         E       F
            +---------+---------+-------+---------+---------+-------
      Total |      61 |       2 |   3.2 |      29 |       1 |   3.3
            +---------+---------+-------+---------+---------+-------
        D:1 |      27 |       2 |   6.9 |      16 |       1 |   5.9
        D:2 |      34 |       0 |   0.0 |      13 |       0 |   0.0
            +---------+---------+-------+---------+---------+-------
